Map: Kairos Junction LE

Players

WinterSC - Winner!

  • Race: Terran Terran
  • League: Master
  • Spawn Location: 5:00

Logik

  • Race: Zerg Zerg
  • League: Diamond
  • Spawn Location: 11:00

VOD

Have the link to the VOD?

Description

Time

  • Played on: Dec. 23, 2018, 10:13 p.m.
  • Length: 11:01
Show
View Real Time Build Order
Export as new Build Order

WinterSC Terran - Winner!

Build Orders: Gas First Reaper Expand 

Get SALT Encoding   

  12  0:01  SCV  
  13  0:13  SCV  
  14  0:19  Supply Depot  
  14  0:25  SCV  
  15  0:30  Refinery  
  15  0:40  SCV  
  16  0:45  Barracks  
  16  0:52  SCV  
  17  1:05  SCV  
  18  1:17  SCV  
  19  1:33  Orbital Command  
  19  1:34  Reaper  
  20  1:46  Command Center  
  20  1:57  Factory  
  20  2:01  SCV  
  21  2:07  Refinery  
  21  2:10  Barracks Reactor  
  21  2:13  SCV  
  22  2:20  Supply Depot  
  22  2:25  SCV  
  23  2:42  SCV  
  24  2:49  Starport  
  24  2:54  Barracks Tech Lab  
  24  2:55  Hellion x2  
  24  2:56  SCV  
  29  3:02  Orbital Command  
  29  3:08  SCV  
  30  3:20  SCV  
  30  3:21  Hellion x2  
  35  3:29  SCV  
  35  3:32  SCV, Viking  
  39  3:44  Fusion Core  
  39  3:48  SCV  
  40  3:50  SCV  
  40  3:54  Supply Depot  
  41  3:57  Supply Depot  
  41  4:00  SCV  
  41  4:01  Weapon Refit  
  41  4:02  Refinery  
  42  4:05  Hellion x2  
  46  4:15  SCV x2  
  48  4:27  Supply Depot  
  48  4:28  SCV  
  49  4:32  Battlecruiser  
  49  4:34  SCV  
  56  4:42  SCV  
  56  4:43  Armory  
  56  4:45  Hellion  
  59  4:48  Hellion, SCV  
  62  4:57  SCV  
  63  5:02  SCV  
  64  5:09  SCV  
  64  5:13  Refinery  
  65  5:16  SCV  
  65  5:18  Hellion x2  
  70  5:21  Supply Depot  
  70  5:24  Supply Depot  
  70  5:43  Battlecruiser, SCV  
  70  5:46  Hellion x7  
  81  5:50  Hellion x2  
  81  5:53  SCV  
  81  5:54  Command Center  
  80  6:10  SCV  
  80  6:11  Terran Vehicle And Ship Armor Level 1  
  79  6:12  Hellion x2  
  79  6:18  SCV  
  84  6:24  SCV  
  85  6:28  Factory  
  85  6:30  Factory, SCV  
  85  6:31  Factory  
  83  6:45  Hellion x2  
  83  6:47  SCV  
  84  6:55  SCV  
  84  6:59  SCV  
  86  7:06  Battlecruiser, Hellion  
  92  7:10  SCV  
  93  7:15  Orbital Command  
  93  7:21  Hellion x6  
  93  7:23  SCV  
  93  7:24  SCV  
  94  7:33  Hellion x2, Factory Tech Lab x2  
  94  7:34  Mag-Field Accelerator, Factory Tech Lab  
  94  7:35  SCV  
  99  7:37  SCV  
  99  7:40  Orbital Command  
  92  7:47  SCV  
  92  7:49  SCV  
  86  7:56  Cyclone x2, Infernal Pre-Igniter  
  92  7:58  Cyclone  
  92  7:59  SCV  
  92  8:01  SCV  
  95  8:06  Refinery  
  95  8:07  Refinery  
  95  8:09  Terran Vehicle And Ship Armor Level 2, SCV  
  95  8:11  SCV  
  97  8:14  SCV  
  98  8:21  SCV  
  98  8:22  Hellion  
  101  8:36  Hellion x2, SCV  
  101  8:37  Supply Depot  
  101  8:38  Cyclone  
  101  8:39  Supply Depot  
  109  8:51  SCV  
  109  8:54  SCV  
  109  8:59  Cyclone, SCV  
  111  9:03  SCV  
  111  9:06  SCV  
  111  9:07  Cyclone  
  110  9:11  SCV  
  110  9:16  SCV  
  112  9:17  Cyclone  
  112  9:18  Hellion  
  112  9:19  SCV  
  112  9:20  Supply Depot  
  112  9:21  Supply Depot  
  112  9:24  SCV  
  119  9:25  Supply Depot x2  
  119  9:32  Battlecruiser  
  125  9:41  Cyclone  
  128  9:51  SCV  
  128  9:52  SCV  
  130  9:57  Cyclone  
  133  10:00  SCV  
  133  10:03  SCV  
  133  10:04  SCV  
  136  10:12  SCV  
  136  10:13  Hellion x3  
  143  10:15  SCV  
  143  10:16  SCV, Supply Depot  
  143  10:17  Command Center  
  143  10:35  Hellion, SCV x3  
  151  10:47  SCV  
Show
View Real Time Build Order
Export as new Build Order

Logik Zerg 

Build Orders: Hatch First 

Get SALT Encoding   

  12  0:01  Drone  
  13  0:13  Overlord  
  13  0:17  Drone  
  14  0:31  Drone x2  
  16  0:50  Hatchery  
  16  0:53  Drone  
  16  0:56  Drone  
  17  1:01  Drone  
  18  1:12  Extractor  
  18  1:16  Spawning Pool  
  16  1:19  Drone  
  16  1:23  Drone  
  18  1:28  Drone  
  19  1:40  Overlord  
  19  1:50  Drone  
  20  2:04  Zergling x2  
  20  2:05  Queen x2, Zergling x2  
  26  2:16  Drone x2  
  28  2:29  Hatchery  
  27  2:33  Drone x2  
  29  2:43  Overlord  
  29  2:45  Drone x2  
  29  2:49  Drone  
  32  2:55  Drone  
  33  3:00  Drone  
  36  3:07  Queen  
  36  3:08  Drone x2  
  38  3:16  Drone x2, Evolution Chamber  
  38  3:17  Evolution Chamber  
  38  3:18  Drone x2  
  40  3:29  Metabolic Boost  
  40  3:31  Overlord  
  40  3:32  Drone x3  
  43  3:35  Drone  
  43  3:51  Queen, Extractor  
  43  3:53  Drone x7  
  51  4:00  Drone x2  
  53  4:04  Roach Warren  
  53  4:08  Queen  
  52  4:27  Zerg Melee Weapons Level 1  
  52  4:28  Zerg Missile Weapons Level 1  
  52  4:39  Overlord x3  
  52  4:40  Overlord x4  
  52  4:48  Spore Crawler  
  52  4:51  Lair  
  51  4:58  Spore Crawler  
  47  5:08  Queen  
  47  5:10  Drone x2  
  47  5:11  Drone x10  
  61  5:14  Queen  
  61  5:18  Roach  
  61  5:20  Roach  
  67  5:29  Drone  
  67  5:30  Drone  
  67  5:33  Roach  
  67  5:34  Roach x3  
  73  5:44  Roach x3  
  73  5:51  Ravager  
  71  6:00  Roach  
  71  6:01  Roach x3  
  79  6:04  Queen  
  79  6:05  Queen  
  79  6:06  Drone  
  84  6:20  Drone x2  
  84  6:30  Drone  
  84  6:39  Hatchery  
  83  6:48  Extractor  
  83  6:50  Extractor, Drone x2  
  83  6:51  Drone  
  83  6:53  Overlord x4  
  84  6:56  Hatchery  
  80  7:18  Drone  
  80  7:19  Drone x8  
  80  7:47  Drone x5  
  80  7:50  Hatchery  
  84  8:02  Drone x3  
  87  8:06  Spore Crawler  
  87  8:08  Spore Crawler x2  
  87  8:10  Spore Crawler  
  87  8:12  Spore Crawler x2  
  81  8:18  Drone x3  
  82  8:29  Drone x4  
  82  8:32  Drone  
  87  8:36  Roach  
  87  8:41  Roach  
  74  8:58  Roach x2  
  74  8:59  Roach x4  
  74  9:00  Drone  
  74  9:01  Drone  
  84  9:04  Spore Crawler  
  82  9:17  Drone  
  82  9:18  Drone x2  
  85  9:33  Drone  
  85  9:34  Drone x5  
  91  9:44  Drone x5  
  90  9:54  Spore Crawler  
  90  9:56  Drone x3  
  91  10:11  Spore Crawler, Spire  
  91  10:12  Spore Crawler  
  83  10:32  Drone  
  83  10:33  Drone x8  
Tags
 
Add a new tag
Caveats
  • Supply blocks, unpowered buildings, or Contaminate may cause inaccurate times.
  • Supply counts are checked every 10 seconds.